 Dungeon Crawl Stone Soup version 0.31-a0-237-g2d982f9f85 (webtiles) character file.

Game seed: 5698086517145911237

4753 qw the Skirmisher (level 10, -5/64 HPs)
             Began as a Gargoyle Hexslinger on July 11, 2023.
             Was a Priest of Okawaru.
             Slain by a centaur warrior simulacrum (43 damage)
             ... on level 10 of the Dungeon.
             The game lasted 00:03:36 (8020 turns).

qw the Skirmisher (Gargoyle Hexslinger)             Turns: 8020, Time: 00:03:36

Health: -5/64      AC: 19    Str: 15    XL:     10   Next: 46%
Magic:  13/13      EV: 14    Int: 17    God:    Okawaru [***...]
Gold:   408        SH:  0    Dex: 22    Spells: 10/11 levels left

rFire   + . .        Y - +2 arbalest (freeze)
rCold   x . .        (shield currently unavailable)
rNeg    + . .        s - +3 leather armour
rPois   inf          n - +0 helmet
rElec   +            (no cloak)
rCorr   .            j - +2 pair of gloves
SInv    +            k - +0 pair of boots
Will    .....        m - amulet "Tatosatofa" {Faith rPois}
Stlth   ++           y - +6 ring of dexterity
HPRegen 0.30/turn    u - ring of the Lobster {Fire Str+3 Int+3 SInv}
MPRegen 0.13/turn

%: faith
@: no status effects
A: sickness immunity, AC +7, negative energy resistance 1, electricity
resistance, torment resistance 1, petrification resistance
a: Renounce Religion, Heroism


You were on level 10 of the Dungeon.
You worshipped Okawaru.
Okawaru was most pleased with you.
You visited 2 branches of the dungeon, and saw 11 of its levels.

You collected 688 gold pieces.
You spent 280 gold pieces at shops.


Innate Abilities, Weirdness & Mutations

You are immune to sickness and miasma.
Your stone body is resilient. (AC +7)
You are immune to poison.
You resist negative energy. (rN+)
You are resistant to electric shocks. (rElec)
You are resistant to unholy torment.
You are immune to petrification.


   Skills:
 - Level 8.2 Fighting
 + Level 11.3 Ranged Weapons
 - Level 3.0 Armour
 - Level 4.0 Dodging
 - Level 1.0 Spellcasting
 - Level 2.6 Hexes
 - Level 4.2 Invocations


You had 10 spell levels left.
You knew the following spells:

 Your Spells              Type           Power      Damage    Failure   Level
a - Slow                  Hex            36%        N/A       9%          1

Your spell library contained the following spells:

 Spells                   Type           Power      Damage    Failure   Level
 Inner Flame              Hex/Fire       8%         N/A       41%         3
 Portal Projectile        Hex/Tloc       10%        N/A       41%         3
 Cause Fear               Hex            4%         N/A       65%         4

Inventory:

Hand Weapons
 Y - a +2 arbalest of freezing (weapon)
Armour
 b - the +2 robe of Waum Cyr {rF+}
   (You found it on level 3 of the Dungeon)

   rF:        It protects you from fire.
 j - a +2 pair of gloves (worn)
 k - a +0 pair of boots (worn)
 n - a +0 helmet (worn)
 s - a +3 leather armour (worn)
Jewellery
 f - a ring of protection from cold
 g - an amulet of reflection
 m - the amulet "Tatosatofa" (around neck) {Faith rPois}
   (You acquired it on level 6 of the Dungeon)

   [amulet of faith]

   It allows you to gain divine favour quickly.
   rPois:     It protects you from poison.
 p - a ring of positive energy
 u - the ring of the Lobster (right hand) {Fire Str+3 Int+3 SInv}
   (You found it on level 7 of the Dungeon)

   [ring of fire]

   It enhances your fire magic.
   Str:       It affects your strength (+3).
   Int:       It affects your intelligence (+3).
   rF:        It protects you from fire.
   rC:        It makes you vulnerable to cold.
   SInv:      It lets you see invisible.
 y - a +6 ring of dexterity (left hand)
Wands
 r - a wand of digging (8)
Scrolls
 a - 5 scrolls of teleportation
 q - a scroll of identify
Potions
 c - 5 potions of heal wounds
 d - a potion of haste
 l - a potion of mutation
 o - 3 potions of curing
 t - a potion of might

Dungeon Overview and Level Annotations

Branches:
Dungeon (10/15)            Temple (1/1) D:6             Orc (0/2) D:10
   Lair: D:8-11

Altars:
Ashenzari
Cheibriados
Dithmenos
Elyvilon
Fedhas
Gozag
Hepliaklqana
Kikubaaqudgha
Makhleb
Nemelex Xobeh
Okawaru
Qazlal
Ru
Sif Muna
Trog
Uskayaw
Vehumet
Wu Jian
Yredelemnul
Zin
The Shining One

Shops:
D:8 *?

Annotations:
D:7 3 runed translucent doors, qw's ghost, novice GrFi
D:8 1 runed translucent door, qw's ghost, novice GrHs
D:9 2 transporters, qw's ghost, novice NaHu
D:10 1 runed translucent door


Message History

Okawaru accepts your kill.
There is an open door here.
An orc wizard and an orc come into view.
Enter note: You shoot a bolt.
The bolt hits the orc wizard!
The bolt freezes the orc wizard.
The orc wizard shouts!
The orc wizard is severely wounded.
You shoot a bolt. The bolt hits the orc wizard.
The bolt freezes the orc wizard.
The orc wizard is almost dead.
You shoot a bolt. The bolt hits the orc wizard.
The bolt freezes the orc wizard.
You kill the orc wizard!
Okawaru accepts your kill.
You shoot a bolt. The bolt hits the orc.
The bolt freezes the orc.
The orc is severely wounded.
You shoot a bolt. The bolt hits the orc!
The bolt freezes the orc.
You kill the orc!
Okawaru accepts your kill.
You open the door.
There is an open door here.
You open the door.
There is an open door here.
You now have 408 gold pieces (gained 8).
You open the door.
A centaur warrior simulacrum comes into view.
Enter note: You shoot a bolt.
The bolt hits the centaur warrior simulacrum!
The centaur warrior simulacrum is heavily damaged.
You shoot a bolt.
The bolt hits the centaur warrior simulacrum but does no damage.
The centaur warrior simulacrum is heavily damaged.
The centaur warrior simulacrum hits you.
The centaur warrior simulacrum freezes you!
You feel a terrible chill!
The centaur warrior simulacrum kicks you but does no damage.
The centaur warrior simulacrum hits you!
The centaur warrior simulacrum freezes you!!!
You feel a terrible chill!
Ouch! That really hurt!
You die...

...#..# ...#..#
...#..+ ..
##.#..####.#
.#.).......#
.#)#######.# #
)))# #.# .# 8.)#
#.#######+## ..##
##.#..'.@Z..# .##
#..'..#..#..# .#
##+.####### ## ##
#..........
#........#.
#..........
#........##
########........#
.......'........#


You could see a centaur warrior simulacrum.

Vanquished Creatures
  Psyche (D:10)
  9 yaks
  A wyvern (D:9)
  A steam dragon (D:6)
  An acid dragon (D:8)
  A sky beast (D:8)
  An orc warrior (D:10)
  A black bear (D:5)
  An ogre (D:5)
  6 centaurs
  A phantom (D:5)
  2 kobold brigands (D:9)
  A bullfrog (D:8)
  3 scorpions
  8 wights
  7 killer bees
  2 howler monkeys
  2 hounds
  3 orc priests
  2 gnoll boudas
  7 orc wizards
  10 gnolls
  10 adders
  2 shadow imps (D:5)
  2 white imps (D:7)
  An ufetubus (D:7)
  3 worms
  3 dart slugs
  27 orcs
  5 ball pythons
  5 bats
  9 endoplasms
  3 giant cockroaches
  9 goblins
  10 hobgoblins
  15 kobolds
  5 quokkas
  A frilled lizard (D:3)
  3 rats
184 creatures vanquished.

Notes
Turn   | Place    | Note
-------+----------+-------------------------------------------
     0 | D:1      | qw the Gargoyle Hexslinger began the quest for the Orb.
     0 | D:1      | Reached XP level 1. HP: 12/12 MP: 2/2
     0 | D:1      | 0 ||| qw: Version: 0.3-a-52-g30416fa
     0 | D:1      | 0 ||| qw: Game counter: 5710
     0 | D:1      | 0 ||| qw: Melee chars always use a shield: true
     0 | D:1      | 0 ||| qw: God list: Okawaru
     0 | D:1      | 0 ||| qw: Allow faded altars: false
     0 | D:1      | 0 ||| qw: Do Orc after clearing Dungeon:15 true
     0 | D:1      | 0 ||| qw: Do second Lair branch before Depths: true
     0 | D:1      | 0 ||| qw: Lair rune preference: random
     0 | D:1      | 0 ||| qw: Goals: Normal
     0 | D:1      | 0 ||| PLANNING D:1-11
   118 | D:1      | Reached XP level 2. HP: 6/16 MP: 3/3
   274 | D:1      | Found a faded altar of an unknown god.
   281 | D:1      | Reached skill level 3 in Ranged Weapons
   689 | D:1      | 689 ||| UPGRADING to +0 ring mail.
   699 | D:1      | 699 ||| DROPPING +0 robe.
   700 | D:1      | 700 ||| UPGRADING to +0 pair of gloves.
   705 | D:1      | 705 ||| UPGRADING to +0 pair of boots.
   710 | D:1      | 710 ||| UPGRADING to ring of protection from cold.
   711 | D:1      | 711 ||| UPGRADING to ring of protection from cold.
   712 | D:1      | 712 ||| READING scroll labelled ZOSUG OKKUCISI.
   713 | D:1      | 713 ||| READING scroll labelled KEFEQO VE DEO.
   714 | D:1      | 714 ||| DROPPING scroll of poison.
   895 | D:2      | Reached XP level 3. HP: 21/21 MP: 4/4
   940 | D:2      | Reached skill level 1 in Armour
  1140 | D:2      | Reached XP level 4. HP: 26/26 MP: 5/5
  1194 | D:2      | Reached skill level 4 in Ranged Weapons
  1353 | D:2      | 1353 ||| UPGRADING to amulet of the acrobat.
  1358 | D:2      | 1358 ||| READING scroll labelled OLUIF TEXI.
  1474 | D:3      | 1474 ||| Stepping ~*~*~tactically~*~*~ (outnumbered).
  1476 | D:3      | 1476 ||| FLEEEEING.
  1480 | D:3      | 1480 ||| FLEEEEING.
  1481 | D:3      | 1481 ||| FLEEEEING.
  1482 | D:3      | 1482 ||| FLEEEEING.
  1483 | D:3      | 1483 ||| FLEEEEING.
  1484 | D:3      | 1484 ||| FLEEEEING.
  1485 | D:3      | 1485 ||| FLEEEEING.
  1490 | D:3      | 1490 ||| FLEEEEING.
  1491 | D:3      | 1491 ||| FLEEEEING.
  1493 | D:3      | 1493 ||| FLEEEEING.
  1494 | D:3      | 1494 ||| FLEEEEING.
  1495 | D:3      | 1495 ||| FLEEEEING.
  1496 | D:3      | 1496 ||| FLEEEEING.
  1499 | D:3      | 1499 ||| FLEEEEING.
  1500 | D:3      | 1500 ||| FLEEEEING.
  1506 | D:3      | 1506 ||| FLEEEEING.
  1507 | D:3      | 1507 ||| FLEEEEING.
  1508 | D:3      | 1508 ||| STAIRDANCE
  1528 | D:2      | 1528 ||| DROPPING amulet of magic regeneration.
  1537 | D:3      | Reached XP level 5. HP: 29/30 MP: 6/6
  1537 | D:3      | 1537 ||| STAIRDANCE
  1539 | D:3      | 1539 ||| STAIRDANCE
  1541 | D:3      | 1541 ||| STAIRDANCE
  1543 | D:3      | 1543 ||| STAIRDANCE
  1778 | D:3      | Reached skill level 5 in Ranged Weapons
  1886 | D:3      | Identified the +2 robe of Waum Cyr {rF+}
  2124 | D:3      | 2124 ||| UPGRADING to +2 robe of Waum Cyr {rF+}.
  2134 | D:3      | 2134 ||| DROPPING +0 ring mail.
  2226 | D:4      | HP: 5/31 [orc priest/nerve-wracking pain (6)]
  2228 | D:4      | HP: 1/31 [orc priest/+0 mace (5)]
  2235 | D:4      | Reached skill level 3 in Fighting
  2593 | D:4      | Reached XP level 6. HP: 35/37 MP: 7/7
  2987 | D:4      | Found a blossoming altar of Fedhas.
  2987 | D:4      | Found a radiant altar of Vehumet.
  2989 | D:4      | Found a sparkling altar of Nemelex Xobeh.
  3064 | D:4      | 3064 ||| UPGRADING to +0 helmet.
  3069 | D:4      | 3069 ||| UPGRADING to amulet of reflection.
  3079 | D:4      | 3079 ||| DROPPING amulet of the acrobat.
  3080 | D:4      | 3080 ||| DRINKING 2 glowing purple potions.
  3081 | D:4      | 3081 ||| DROPPING potion of brilliance.
  3109 | D:5      | Entered Level 5 of the Dungeon
  3110 | D:5      | 3110 ||| STAIRDANCE
  3114 | D:5      | 3114 ||| STAIRDANCE
  3136 | D:5      | 3136 ||| STAIRDANCE
  3140 | D:5      | 3140 ||| STAIRDANCE
  3144 | D:5      | 3144 ||| STAIRDANCE
  3148 | D:5      | 3148 ||| STAIRDANCE
  3152 | D:5      | 3152 ||| STAIRDANCE
  3156 | D:5      | 3156 ||| STAIRDANCE
  3160 | D:5      | 3160 ||| STAIRDANCE
  3164 | D:5      | 3164 ||| STAIRDANCE
  3168 | D:5      | 3168 ||| STAIRDANCE
  3172 | D:5      | 3172 ||| STAIRDANCE
  3176 | D:5      | 3176 ||| STAIRDANCE
  3180 | D:5      | 3180 ||| STAIRDANCE
  3184 | D:5      | 3184 ||| STAIRDANCE
  3188 | D:5      | 3188 ||| STAIRDANCE
  3192 | D:5      | 3192 ||| STAIRDANCE
  3196 | D:5      | 3196 ||| STAIRDANCE
  3200 | D:5      | 3200 ||| STAIRDANCE
  3204 | D:5      | 3204 ||| STAIRDANCE
  3259 | D:5      | Reached skill level 6 in Ranged Weapons
  3356 | D:5      | Reached XP level 7. HP: 43/43 MP: 8/8
  3362 | D:5      | 3362 ||| Stepping ~*~*~tactically~*~*~ (outnumbered).
  3364 | D:5      | 3364 ||| Stepping ~*~*~tactically~*~*~ (outnumbered).
  3366 | D:5      | 3366 ||| Stepping ~*~*~tactically~*~*~ (outnumbered).
  3377 | D:5      | 3377 ||| FLEEEEING.
  3378 | D:5      | 3378 ||| FLEEEEING.
  3379 | D:5      | 3379 ||| FLEEEEING.
  3454 | D:5      | 3454 ||| SWAPPING to +0 orcbow.
  3455 | D:5      | 3455 ||| DROPPING +1 sling.
  3498 | D:5      | 3498 ||| SWAPPING to +0 arbalest.
  3504 | D:5      | Reached skill level 7 in Ranged Weapons
  3573 | D:5      | 3573 ||| DROPPING +0 orcbow.
  3869 | D:5      | Identified the +9 mace "Piebuamn" {flame, *Slow rF+++
                  | Int+5}
  3972 | D:5      | Reached skill level 8 in Ranged Weapons
  3972 | D:5      | Reached XP level 8. HP: 48/48 MP: 9/9
  4005 | D:5      | 4005 ||| READING scroll labelled MUYCREZAMN.
  4039 | D:5      | 4039 ||| READING scroll labelled CENKAI EDWAI.
  4040 | D:5      | 4040 ||| READING scroll labelled OKLUOQ OQUCA.
  4041 | D:5      | 4041 ||| DRINKING 2 sapphire potions.
  4042 | D:5      | 4042 ||| DRINKING 2 yellow potions.
  4429 | D:6      | 4429 ||| READING 2 scrolls labelled SOWIEQ QIBLUF.
  4430 | D:6      | 4430 ||| READING scroll labelled ARRELA SELEU.
  4431 | D:6      | 4431 ||| DROPPING scroll of fear.
  4551 | D:6      | 4551 ||| READING scroll of enchant weapon.
  4551 | D:6      | 4551 ||| ENCHANTING +1 arbalest of freezing.
  4554 | D:6      | Found a staircase to the Ecumenical Temple.
  4555 | D:6      | 4555 ||| PLANNING TEMPLE
  4568 | Temple   | Entered the Ecumenical Temple
  4574 | Temple   | 4574 ||| PLANNING OKAWARU WORSHIP
  4683 | Temple   | Became a worshipper of Warmaster Okawaru
  4684 | Temple   | 4684 ||| PLANNING D:1-11
  5050 | D:6      | 5050 ||| READING scroll labelled WEMYIW BUURONN.
  5050 | D:6      | Identified a scroll of acquirement
  5050 | D:6      | 5050 ||| ACQUIRING amulet "Tatosatofa" {Faith rPois}
  5050 | D:6      | Acquired the amulet "Tatosatofa" {Faith rPois}
  5052 | D:6      | 5052 ||| UPGRADING to amulet "Tatosatofa" {Faith rPois}.
  5148 | D:7      | Identified the ring of the Lobster {Fire Str+3 Int+3 SInv}
  5293 | D:7      | Reached skill level 9 in Ranged Weapons
  5293 | D:7      | 5293 ||| FLEEEEING.
  5294 | D:7      | 5294 ||| FLEEEEING.
  5295 | D:7      | 5295 ||| FLEEEEING.
  5296 | D:7      | 5296 ||| FLEEEEING.
  5297 | D:7      | 5297 ||| FLEEEEING.
  5298 | D:7      | 5298 ||| FLEEEEING.
  5299 | D:7      | 5299 ||| FLEEEEING.
  5300 | D:7      | 5300 ||| FLEEEEING.
  5301 | D:7      | 5301 ||| FLEEEEING.
  5302 | D:7      | 5302 ||| FLEEEEING.
  5303 | D:7      | 5303 ||| FLEEEEING.
  5392 | D:7      | Found a runed translucent gate.
  5393 | D:7      | Found a runed translucent gate.
  5394 | D:7      | Noticed a kobold demonologist
  5396 | D:7      | Found a runed translucent gate.
  5397 | D:7      | Noticed qw's ghost (novice GrFi)
  5560 | D:7      | 5560 ||| UPGRADING to ring of the Lobster {Fire Str+3 Int+3
                  | SInv}.
  5562 | D:7      | 5562 ||| UPGRADING to +3 leather armour.
  5572 | D:7      | 5572 ||| READING scroll labelled TAAPLA VUOCS.
  5573 | D:7      | 5573 ||| DRINKING 2 glowing orange potions.
  5622 | D:7      | 5622 ||| DROPPING potion of lignification.
  5696 | D:8      | 5696 ||| FLEEEEING.
  5700 | D:8      | 5700 ||| FLEEEEING.
  5701 | D:8      | 5701 ||| FLEEEEING.
  5702 | D:8      | 5702 ||| FLEEEEING.
  5724 | D:8      | Found Ocwyvah's Assorted Antiques.
  5732 | D:8      | 5732 ||| BUYING fuming blue potion (18 gold).
  5732 | D:8      | Bought a fuming blue potion for 18 gold pieces
  5732 | D:8      | 5732 ||| BUYING scroll labelled PILAQ EHOMNOJUVU (20 gold).
  5732 | D:8      | Bought a scroll labelled PILAQ EHOMNOJUVU for 20 gold
                  | pieces
  5732 | D:8      | 5732 ||| BUYING scroll of identify (40 gold).
  5732 | D:8      | Bought a scroll of identify for 40 gold pieces
  5745 | D:8      | Reached skill level 6 in Fighting
  5745 | D:8      | Reached XP level 9. HP: 55/55 MP: 10/10
  5751 | D:8      | Reached * piety under Okawaru
  5797 | D:8      | Found Nedes Paidi's Magic Scroll Shop.
  5803 | D:8      | 5803 ||| BUYING scroll of enchant armour (112 gold).
  5803 | D:8      | Bought a scroll of enchant armour for 112 gold pieces
  5803 | D:8      | 5803 ||| BUYING scroll of identify (30 gold).
  5803 | D:8      | Bought a scroll of identify for 30 gold pieces
  5803 | D:8      | 5803 ||| BUYING scroll of identify (30 gold).
  5803 | D:8      | Bought a scroll of identify for 30 gold pieces
  5803 | D:8      | 5803 ||| BUYING scroll of identify (30 gold).
  5803 | D:8      | Bought a scroll of identify for 30 gold pieces
  5803 | D:8      | 5803 ||| READING scroll of enchant armour.
  5803 | D:8      | 5803 ||| ENCHANTING +0 pair of gloves.
  5867 | D:8      | Found a runed translucent door.
  5867 | D:8      | Noticed qw's ghost (novice GrHs)
  5908 | D:8      | Reached skill level 1 in Invocations
  5980 | D:8      | Identified the +10 whip "Litakleu" {protect, Fly rPois
                  | Int+2}
  6212 | D:8      | 6212 ||| DROPPING ring of protection from cold.
  6213 | D:8      | 6213 ||| DROPPING ring of magical power.
  6214 | D:8      | 6214 ||| UPGRADING to +6 ring of dexterity.
  6216 | D:8      | 6216 ||| READING scroll labelled PILAQ EHOMNOJUVU.
  6217 | D:8      | 6217 ||| READING scroll labelled WUUTHR FENO.
  6218 | D:8      | 6218 ||| READING 6 scrolls of identify.
  6218 | D:8      | 6218 ||| IDENTIFYING fuming blue potion
  6219 | D:8      | 6219 ||| READING 5 scrolls of identify.
  6219 | D:8      | 6219 ||| IDENTIFYING sedimented purple potion
  6220 | D:8      | 6220 ||| READING 4 scrolls of identify.
  6220 | D:8      | 6220 ||| IDENTIFYING lumpy white potion
  6221 | D:8      | 6221 ||| READING 3 scrolls of identify.
  6221 | D:8      | 6221 ||| IDENTIFYING puce potion
  6222 | D:8      | 6222 ||| READING 2 scrolls of identify.
  6222 | D:8      | 6222 ||| IDENTIFYING fizzy coppery potion
  6223 | D:8      | 6223 ||| DROPPING potion of degeneration.
  6224 | D:8      | 6224 ||| DROPPING potion of attraction.
  6253 | D:9      | 6253 ||| STAIRDANCE
  6260 | D:8      | 6260 ||| INVOKING Heroism.
  6262 | D:8      | Reached skill level 3 in Dodging
  6267 | D:8      | Reached skill level 3 in Invocations
  6427 | D:9      | 6427 ||| STAIRDANCE
  6498 | D:9      | 6498 ||| STAIRDANCE
  6573 | D:9      | 6573 ||| STAIRDANCE
  6745 | D:9      | 6745 ||| INVOKING Heroism.
  6752 | D:9      | Reached skill level 10 in Ranged Weapons
  6901 | D:9      | 6901 ||| READING scroll of enchant armour.
  6901 | D:9      | 6901 ||| ENCHANTING +1 pair of gloves.
  7235 | D:9      | Reached ** piety under Okawaru
  7343 | D:9      | 7343 ||| INVOKING Heroism.
  7437 | D:9      | 7437 ||| Stepping ~*~*~tactically~*~*~ (outnumbered).
  7440 | D:9      | 7440 ||| Stepping ~*~*~tactically~*~*~ (outnumbered).
  7509 | D:9      | 7509 ||| Stepping ~*~*~tactically~*~*~ (outnumbered).
  7511 | D:9      | 7511 ||| Stepping ~*~*~tactically~*~*~ (outnumbered).
  7513 | D:9      | 7513 ||| Stepping ~*~*~tactically~*~*~ (outnumbered).
  7518 | D:9      | Reached XP level 10. HP: 63/63 MP: 13/13
  7536 | D:9      | Found a transporter.
  7537 | D:9      | Noticed qw's ghost (novice NaHu)
  7537 | D:9      | Noticed a two-headed ogre
  7538 | D:9      | Identified the +7 giant club "Pyhig" {speed, Fragile rN+
                  | Will+++ Str-5}
  7538 | D:9      | Noticed a two-headed ogre
  7538 | D:9      | Noticed a two-headed ogre
  7546 | D:9      | Found a transporter.
  7567 | D:9      | Reached skill level 11 in Ranged Weapons
  7794 | D:10     | Entered Level 10 of the Dungeon
  7843 | D:10     | Found a staircase to the Orcish Mines.
  7845 | D:10     | 7845 ||| INVOKING Heroism.
  7864 | D:10     | Reached skill level 3 in Armour
  7870 | D:10     | Reached *** piety under Okawaru
  7871 | D:10     | 7871 ||| INVOKING Heroism.
  7956 | D:10     | Noticed Psyche
  7957 | D:10     | 7957 ||| INVOKING Heroism.
  7959 | D:10     | Killed Psyche
  8018 | D:10     | Found a runed translucent door.
  8020 | D:10     | Slain by a centaur warrior simulacrum

Levels and vault maps discovered:
D:1:      roderic_octagonal_star, layout_basic,
          hellmonk_ecumenical_altar_crossroads, hangedman_decor_push
D:2:      layout_loops_ring
D:3:      layout_loops_ring
D:4:      layout_basic, nicolae_overflow_hidden_temple, dk_noncrumbling_3,
          serial_park_tiny_1
D:5:      layout_loops_ring, chequers_mini_garden,
          corexii_item_surrounded_by_moat
D:6:      layout_basic, minmay_temple_entry_slanted, minmay_misc_feat_room,
          kennysheep_generic_room_4
D:7:      layout_cave_pools, gammafunk_ghost_nasty_kobolds
D:8:      layout_basic, hellmonk_ghost_happy_afterlife, serial_shops,
          shop_statue, shop_coins
D:9:      layout_basic, gammafunk_ghost_smash
D:10:     layout_roguey, dk_xom_monty_hall, lair_entry_dummy, david_orc_2,
          nicolae_trove_entry_crystal, st_stairs_1, minivault_13, uniq_psyche,
          uniq_fannar
Temple:   mainiacjoe_temple_coin_purse

Skill      XL: |  1  2  3  4  5  6  7  8  9 10 |
---------------+-------------------------------+-----
Ranged Weapons | 3 4 5 6 8 9 10 11 | 11.3
Fighting       | 2 3 4 6 7 8 |  8.2
Armour         | 1 2 3 |  3.0
Dodging        | 2 3 4 |  4.0
Invocations    | 4 |  4.2
Spellcasting   | |  1.0
Hexes          | |  2.6

Action                     |  1- 3 |  4- 6 |  7- 9 | 10-12 || total
---------------------------+-------+-------+-------+-------++-------
   Fire: Sling             |   116 |   294 |    20 |       ||   430
         Arbalest          |       |       |   203 |    62 ||   265
 Invoke: Heroism           |       |       |     3 |     3 ||     6
    Use: Scroll            |     2 |     1 |    17 |       ||    20
         Potion            |       |     1 |     3 |       ||     4
 Armour: Robe              |    10 |    57 |    30 |       ||    97
         Ring mail         |    19 |    53 |       |       ||    72
         Leather armour    |       |       |    68 |    11 ||    79
  Dodge: Dodged            |    45 |    93 |   140 |    27 ||   305
  Block: Other             |       |    10 |    10 |       ||    20
         Reflection        |       |       |     1 |       ||     1

Table legend:
 A = Non-vault XP
 B = Vault XP
 C = Vault XP percentage of total XP
 D = Non-vault monster count
 E = Vault monster count
 F = Vault count percentage of total count
                 A         B        C        D         E       F
            +---------+---------+-------+---------+---------+-------
      Total |    6102 |     689 |  10.1 |     174 |      10 |   5.4
            +---------+---------+-------+---------+---------+-------
        D:1 |      26 |       0 |   0.0 |      14 |       0 |   0.0
        D:2 |     127 |       0 |   0.0 |      29 |       0 |   0.0
        D:3 |      95 |       0 |   0.0 |      18 |       0 |   0.0
        D:4 |     211 |       0 |   0.0 |      19 |       0 |   0.0
        D:5 |     746 |       0 |   0.0 |      17 |       0 |   0.0
        D:6 |     351 |     181 |  34.0 |       8 |       1 |  11.1
        D:7 |     444 |       0 |   0.0 |      12 |       0 |   0.0
        D:8 |     806 |       0 |   0.0 |      17 |       0 |   0.0
        D:9 |    1844 |       0 |   0.0 |      26 |       0 |   0.0
       D:10 |    1452 |     508 |  25.9 |      14 |       9 |  39.1
            +---------+---------+-------+---------+---------+-------
